 Dungeon Crawl Stone Soup version 0.29.1-15-g9cfb28693d (webtiles) character file.

Game seed: 12080152774289248465

8586 Heoruswealwe the Eclecticist (level 11, -16/54 HPs)
             Began as a Deep Elf Earth Elementalist on Apr 27, 2023.
             Was an Elder of Vehumet.
             Demolished by a two-headed ogre
             ... wielding a +0 giant spiked club
              (22 damage)
             ... on level 8 of the Dungeon.
             The game lasted 01:25:35 (7065 turns).

Heoruswealwe the Eclecticist (DEEE)                 Turns: 7065, Time: 01:25:35

Health: -16/54     AC: 10    Str:  5    XL:     11   Next: 11%
Magic:  25/32      EV: 16    Int: 25    God:    Vehumet [****..]
Gold:   486        SH:  0    Dex: 15    Spells: 31/41 levels left

rFire   . . .      SeeInvis .   b - +5 glaive (vorpal)
rCold   . . .      Faith    .   (shield currently unavailable)
rNeg    . . .      Spirit   .   c - +0 robe
rPois   +          Reflect  .   (no helmet)
rElec   .          Harm     .   h - +1 cloak {Stlth+}
rCorr   .          Rampage  .   f - +0 pair of gloves
Will    +....                   e - +0 pair of boots
Stlth   +++.......              i - amulet of magic regeneration
HPRegen 0.18/turn               k - +4 ring of evasion
MPRegen 0.63/turn               j - ring of a Billion Knaves {Fly rPois AC+4}

@: flying
A: no striking features
a: Renounce Religion


You were on level 8 of the Dungeon.
You worshipped Vehumet.
Vehumet was greatly pleased with you.
You visited 2 branches of the dungeon, and saw 9 of its levels.
You also visited: Sewer and Ossuary.

You collected 486 gold pieces.

Inventory:

Hand Weapons
 b - a +5 vorpal glaive (weapon)
Armour
 c - a +0 robe (worn)
 e - a +0 pair of boots (worn)
 f - a +0 pair of gloves (worn)
 h - a +1 cloak of stealth (worn)
 L - +0 acid dragon scales
Magical Staves
 l - a staff of conjuration
 n - a staff of fire
 r - a staff of poison
Jewellery
 i - an amulet of magic regeneration (around neck)
 j - the ring of a Billion Knaves (right hand) {Fly rPois AC+4}
   (You found it on level 7 of the Dungeon)

   [ring of protection]

   AC:        It affects your AC (+4).
   rPois:     It protects you from poison.
   Fly:       It grants you flight.
 k - a +4 ring of evasion (left hand)
 P - an amulet of reflection
Wands
 g - a wand of iceblast (15)
 v - a wand of light (8)
 I - a wand of flame (32)
 O - a wand of digging (5)
Scrolls
 d - 2 scrolls of teleportation
 y - 4 scrolls of amnesia
 E - 2 scrolls of brand weapon {unknown}
 G - a scroll of fear {unknown}
 H - a scroll of noise {unknown}
 J - 4 scrolls of blinking {unknown}
 M - 2 scrolls of silence {unknown}
Potions
 a - 3 potions of degeneration {unknown}
 m - 4 potions of curing
 o - a potion of invisibility {unknown}
 p - 4 potions of haste {unknown}
 q - a potion of might {unknown}
 t - 3 potions of brilliance {unknown}
 u - 5 potions of attraction {unknown}
 x - 2 potions of berserk rage {unknown}
 z - a potion of resistance {unknown}
 B - 3 potions of flight {unknown}
 C - a potion of mutation {unknown}
 D - 2 potions of lignification {unknown}
 F - 2 potions of heal wounds
 N - a potion of magic
Miscellaneous
 A - a phantom mirror


   Skills:
 - Level 2.4 Dodging
 - Level 2.4 Stealth
 + Level 15.8 Spellcasting
 - Level 1.1 Transmutations
 + Level 13.7 Earth Magic


You had 31 spell levels left.
You knew the following spells:

 Your Spells              Type           Power      Damage    Failure   Level
a - Sandblast             Erth           100%       2d20      0%          1
b - Stone Arrow           Conj/Erth      100%       3d13      1%          3
c - Petrify               Tmut/Erth      54%        N/A       1%          4
z - Passwall              Tmut/Erth      45%        N/A       1%          2

Your spell library contained the following spells:

 Spells                   Type           Power      Damage    Failure   Level
 Beastly Appendage        Tmut           50%        N/A       1%          1
 Foxfire                  Conj/Fire      76%        2x1d7     1%          1
 Shock                    Conj/Air       76%        1d7       1%          1
 Static Discharge         Conj/Air       19%        3-6/arc   1%          2
 Apportation              Tloc           38%        N/A       2%          1
 Wereblood                Tmut           25%        N/A       2%          2
 Conjure Flame            Conj/Fire      19%        6-21      2%          3
 Inner Flame              Hex/Fire       19%        N/A       2%          3
 Blink                    Tloc           38%        N/A       4%          2
 Ensorcelled Hibernation  Hex/Ice        38%        N/A       4%          2
 Sublimation of Blood     Necr           19%        N/A       4%          2
 Spider Form              Tmut/Pois      22%        N/A       6%          3
 Airstrike                Air            9%         2d(2-18)  7%          4
 Flame Wave               Conj/Fire      19%        2d7       7%          4
 Lesser Beckoning         Tloc           19%        N/A       9%          3
 Ozocubu's Armour         Ice            19%        N/A       9%          3
 Portal Projectile        Hex/Tloc       38%        N/A       9%          3
 Swiftness                Air            19%        N/A       9%          3
 Tukima's Dance           Hex            19%        N/A       9%          3
 Irradiate                Conj/Tmut      11%        3d15      16%         5
 Lightning Bolt           Conj/Air       9%         1d22      19%         5
 Anguish                  Hex/Necr       9%         N/A       26%         4
 Blade Hands              Tmut           12%        N/A       43%         5
 Alistair's Intoxication  Tmut/Pois      14%        N/A       52%         5
 Manifold Assault         Tloc           19%        N/A       58%         5
 Dispersal                Tloc           9%         N/A       99%         6
 Ozocubu's Refrigeration  Ice            9%         4d9       99%         7
 Disjunction              Tloc           9%         N/A       100%        8
 Maxwell's Capacitive Co  Air            9%         ∞         100%        8


Dungeon Overview and Level Annotations

Branches:
Dungeon (8/15)             Temple (1/1) D:5            Lair (0/5) D:8
  Sewer (visited)         Ossuary (visited)

Altars:
Ashenzari
Cheibriados
Elyvilon
Fedhas
Gozag
Kikubaaqudgha
Makhleb
Nemelex Xobeh
Okawaru
Qazlal
Sif Muna
Trog
Uskayaw
Vehumet
Wu Jian
Xom
Yredelemnul
Zin
The Shining One

Shops:
D:1 :

Annotations:
D:5 2 runed translucent doors, hawkguy's ghost, amateur MiFi


Message History

There is a stone staircase leading down here.
You fly downwards.
Found a stone staircase leading up.
There is a stone staircase leading up here.
Things that are here:
a +0 hand axe of freezing; a +0 falchion
There is a stone staircase leading up here. 2 two-headed ogres come into view.
Found a tubular wooden ring.
The two-headed ogre shouts in stereo!
A spriggan comes into view. It is wielding a +0 short sword.
As you read the scroll of teleportation, it crumbles to dust.
You feel strangely unstable.
The stone arrow hits the two-headed ogre!!
The two-headed ogre is heavily wounded.
There is a stone staircase leading up here.
Your surroundings seem slightly different.
The stone arrow hits the two-headed ogre!
The two-headed ogre is heavily wounded.
The stone arrow hits the two-headed ogre!!
The two-headed ogre is almost dead.
The two-headed ogre attacks as you move away!
The two-headed ogre closely misses you.
The two-headed ogre hits you with a +0 giant club.
The stone arrow hits the two-headed ogre!
You kill the two-headed ogre!
Vehumet accepts your kill.
You feel your power returning.
The stone arrow hits the two-headed ogre!
The two-headed ogre is lightly wounded.
The stone arrow hits the two-headed ogre!!
The two-headed ogre is almost dead.
The two-headed ogre hits you with a +0 giant spiked club!
The two-headed ogre hits you with a +0 giant spiked club!!
* * * LOW HITPOINT WARNING * * *
It was a potion of curing.
You feel better.
The two-headed ogre hits you with a +0 giant spiked club!
* * * LOW HITPOINT WARNING * * *
The two-headed ogre hits you with a +0 giant spiked club!!
You die...

##i#..####.).......##
........O.<)........#
##.#..####..........# ### #...
###..........## #.## ##.
##............## #### ##..# #
##...##.........#
#..###...########.)####..........
##..##....##.#.#.O## #.....#....
#..............@## ##....###...
#..............## #....## #..
###.............#####...## ..
#.[....#.............## ##
#.....###..>.......### ###....##
#....####### #.....##
##..######### ###...#
##.....#....## ##.##
###............#


You could see a two-headed ogre.

Vanquished Creatures
  A hydra (D:7)
  A boulder beetle (D:7)
  2 two-headed ogres
  Pikel (D:4)
  A cyclops (D:8)
  Joseph (D:8)
  An elephant (D:8)
  Maggie (D:7)
  A troll (D:7)
  A shadow (D:7)
  A yak (D:8)
  Menkaure (Ossuary)
  A water moccasin (D:7)
  Duvessa (D:5)
  4 ice beasts
  5 black bears
  A centaur (D:8)
  An ogre (D:6)
  A lemure (D:4)
  A phantom (D:7)
  2 bullfrogs (D:7)
  2 gnoll sergeants (D:7)
  4 scorpions
  5 wights (D:6)
  Dowan (D:5)
  2 howler monkeys (D:7)
  5 jellies
  8 orc priests
  4 hounds
  2 iguanas
  5 orc wizards
  3 mummies (Ossuary)
  4 gnolls
  7 adders
  4 river rats (Sewer)
  5 shadow imps
  3 white imps
  3 ufetubi
  A worm (D:2)
  A dart slug (D:4)
  11 orcs
  5 bats
  3 bat zombies (D:6)
  4 endoplasms
  3 giant cockroaches
  3 gnoll zombies (Ossuary)
  10 goblins
  6 hobgoblins
  2 quokkas
  13 ball pythons
  9 frilled lizards
  4 gnoll skeletons (Ossuary)
  7 goblin skeletons (Ossuary)
  3 goblin zombies (Ossuary)
  5 hobgoblin skeletons (Ossuary)
  4 hobgoblin zombies (Ossuary)
  3 kobolds
  3 kobold skeletons (Ossuary)
  6 kobold zombies (Ossuary)
  3 orc skeletons (Ossuary)
  5 orc zombies (Ossuary)
  24 rats
  3 rat skeletons (Ossuary)
  6 rat zombies
244 creatures vanquished.

Vanquished Creatures (collateral kills)
  A cyclops (D:7)
  A troll (D:7)
2 creatures vanquished.

Vanquished Creatures (others)
  2 fungi (D:8)
2 creatures vanquished.

Grand Total: 248 creatures vanquished

Notes
Turn   | Place    | Note
-------+----------+-------------------------------------------
     0 | D:1      | Heoruswealwe the Deep Elf Earth Elementalist began the
                  | quest for the Orb.
     0 | D:1      | Reached XP level 1. HP: 10/10 MP: 6/6
    90 | D:1      | Found Vosis's Book Shop.
   483 | D:1      | Reached XP level 2. HP: 14/15 MP: 6/8
   486 | D:1      | Learned a level 2 spell: Passwall
  1094 | D:2      | Found a faded altar of an unknown god.
  1135 | D:2      | Prayed at the altar of an unknown god.
  1135 | D:2      | Became a worshipper of Vehumet
  1135 | D:2      | Reached * piety under Vehumet
  1135 | D:2      | Offered knowledge of Shock by Vehumet.
  1262 | D:2      | Reached skill level 4 in Spellcasting
  1277 | D:2      | Reached XP level 3. HP: 19/19 MP: 7/10
  1281 | D:2      | Learned a level 3 spell: Stone Arrow
  1780 | D:3      | Reached XP level 4. HP: 24/24 MP: 10/12
  1784 | D:3      | Offered knowledge of Searing Ray by Vehumet.
  1788 | D:3      | Reached ** piety under Vehumet
  1840 | D:3      | Learned a level 4 spell: Petrify
  1977 | D:4      | Reached skill level 5 in Spellcasting
  2009 | D:4      | Reached skill level 5 in Earth Magic
  2017 | D:4      | Reached XP level 5. HP: 28/28 MP: 11/15
  2098 | D:4      | Found a glowing drain.
  2114 | Sewer    | Entered a sewer
  2128 | Sewer    | Reached skill level 6 in Spellcasting
  2261 | Sewer    | Reached XP level 6. HP: 32/32 MP: 15/17
  2475 | D:4      | Offered knowledge of Frozen Ramparts by Vehumet.
  2656 | D:4      | Noticed Pikel
  2666 | D:4      | Killed Pikel
  2667 | D:4      | Reached skill level 8 in Spellcasting
  2667 | D:4      | Reached XP level 7. HP: 19/36 MP: 12/20
  2942 | D:5      | Entered Level 5 of the Dungeon
  2943 | D:5      | Found a staircase to the Ecumenical Temple.
  2989 | D:5      | Found a large runed translucent door.
  2990 | D:5      | Found a large runed translucent door.
  2990 | D:5      | Noticed hawkguy's ghost (amateur MiFi)
  3139 | D:5      | Reached skill level 9 in Spellcasting
  3139 | D:5      | Reached XP level 8. HP: 22/41 MP: 17/23
  3153 | D:5      | Reached *** piety under Vehumet
  3299 | D:5      | Noticed Dowan
  3300 | D:5      | Noticed Duvessa
  3312 | D:5      | Killed Duvessa
  3316 | D:5      | Killed Dowan
  3521 | Temple   | Entered the Ecumenical Temple
  3982 | D:6      | Reached skill level 10 in Spellcasting
  4280 | D:6      | Offered knowledge of Fulminant Prism by Vehumet.
  4288 | D:6      | Found an ancient bone altar of Kikubaaqudgha.
  4383 | D:6      | Reached skill level 11 in Spellcasting
  4399 | D:6      | Reached XP level 9. HP: 37/45 MP: 23/26
  4815 | D:7      | Noticed Maggie
  4822 | D:7      | Killed Maggie
  4823 | D:7      | Reached skill level 10 in Earth Magic
  4894 | D:7      | Found a flagged portal.
  4957 | D:7      | Found a sand-covered staircase.
  4960 | D:7      | Reached **** piety under Vehumet
  4983 | Ossuary  | Entered an ossuary
  5029 | Ossuary  | Offered knowledge of Irradiate by Vehumet.
  5211 | Ossuary  | Noticed Menkaure
  5221 | Ossuary  | Killed Menkaure
  5221 | Ossuary  | Reached ***** piety under Vehumet
  5222 | Ossuary  | Reached skill level 12 in Spellcasting
  5223 | Ossuary  | Offered knowledge of Airstrike by Vehumet.
  5852 | D:7      | Reached skill level 13 in Spellcasting
  5930 | D:7      | Noticed a cyclops
  5931 | D:7      | Noticed a troll
  5932 | D:7      | Noticed a boulder beetle
  5933 | D:7      | Noticed a troll
  5937 | D:7      | Noticed a two-headed ogre
  5942 | D:7      | Killed a troll
  5945 | D:7      | Killed a troll
  5946 | D:7      | Reached XP level 10. HP: 35/50 MP: 29/29
  5961 | D:7      | Killed a boulder beetle
  5961 | D:7      | Killed a cyclops
  5962 | D:7      | Reached skill level 14 in Spellcasting
  5974 | D:7      | Noticed a four-headed hydra
  6022 | D:7      | Killed a two-headed ogre
  6034 | D:7      | Killed a four-headed hydra
  6079 | D:7      | Identified the ring of a Billion Knaves {Fly rPois AC+4}
  6277 | D:8      | Reached skill level 15 in Spellcasting
  6350 | D:8      | Found a staircase to the Lair.
  6350 | D:8      | Noticed an elephant
  6361 | D:8      | Killed an elephant
  6511 | D:8      | Noticed Joseph
  6519 | D:8      | Killed Joseph
  6748 | D:8      | Found a shimmering blue altar of Sif Muna.
  6749 | D:8      | Found an iron altar of Okawaru.
  6750 | D:8      | Found a shimmering altar of Xom.
  6751 | D:8      | Found a sparkling altar of Nemelex Xobeh.
  6828 | D:8      | Noticed a cyclops
  6865 | D:8      | Killed a cyclops
  6866 | D:8      | Reached XP level 11. HP: 35/54 MP: 15/32
  7048 | D:8      | Noticed a two-headed ogre
  7048 | D:8      | Noticed a two-headed ogre
  7061 | D:8      | Killed a two-headed ogre
  7065 | D:8      | Demolished by a two-headed ogre

Illustrated notes

Levels and vault maps discovered:
D:1:      dpeg_arrival_ternary, layout_loops_corners, serial_shops, shop
D:2:      layout_basic, hellmonk_ecumenical_altar_lost_god
D:3:      layout_rooms, chequers_serial_rivers_marsh
D:4:      layout_loops_ring, portal_sewer_entry_a, chequers_mini_garden,
          uniq_pikel
D:5:      layout_gridville, minmay_temple_entry_sparse_star,
          ebering_ghost_disaster_area, uniq_duvessa
D:6:      layout_loops_corners, lemuel_zombie_altar_kikubaaqudgha
D:7:      minmay_the_grid_plus_closed [minmay_the_grid_x,
          minmay_the_grid_square_x, minmay_the_grid_minigrid_small_alt,
          minmay_the_grid_box_x, minmay_the_grid_prize_trominoes], layout_rooms,
          nicolae_ossuary_entry_monument, enter_bailey_3, serial_glass,
          glass_columns_a, glass_columns_a, uniq_maggie
D:8:      layout_layer_cave, riverfiend_overflow_shadow_ancestor,
          chequers_temple_overflow_statue_of_worship, david_lair_generic,
          hellmonk_guarded_unrand_gyre_and_gimble, uniq_joseph
Temple:   minmay_temple_curvy_branch

Skill      XL: |  1  2  3  4  5  6  7  8  9 10 |
---------------+-------------------------------+-----
Spellcasting   | 4 5 6 8 9 11 13 15 | 15.8
Earth Magic    | 4 5 7 9 11 13 | 13.7
Dodging        | |  2.4
Stealth        | |  2.4
Transmutations | |  1.1

Action                   |  1- 3 |  4- 6 |  7- 9 | 10-12 || total
-------------------------+-------+-------+-------+-------++-------
Melee: Unarmed           |     1 |       |       |       ||     1
       Glaive            |       |       |       |     6 ||     6
 Cast: Sandblast         |    60 |    64 |   197 |    15 ||   336
       Passwall          |     2 |       |     1 |       ||     3
       Stone Arrow       |       |       |       |    54 ||    54
  Use: Potion            |       |     1 |     1 |     1 ||     3
       Scroll            |       |     5 |     6 |     3 ||    14
Armor: Robe              |     1 |     5 |     9 |     8 ||    23
Dodge: Dodged            |     2 |     6 |    32 |    23 ||    63
Block: Other             |       |       |     4 |       ||     4
